 Dungeon Crawl Stone Soup version 0.29-a0-284-gf9362112df (webtiles) character file.

Game seed: 14900382874571567686

12423 jmlagarto the Frost Mage (level 11, -5/93 HPs)
             Began as a Naga Ice Elementalist on Mar 14, 2022.
             Was a High Priest of Vehumet.
             Killed from afar by Azrael (27 damage)
             ... with damnation
             ... on level 2 of the Orcish Mines.
             The game lasted 00:36:21 (12087 turns).

jmlagarto the Frost Mage (Naga Ice Elementalist)   Turns: 12087, Time: 00:36:22

Health: -5/93      AC: 11    Str: 14    XL:     11   Next: 93%
Magic:  24/24      EV:  8    Int: 20    God:    Vehumet [*****.]
Gold:   969        SH:  0    Dex: 12    Spells: 11/29 levels left

rFire   . . .      SeeInvis +   e - +10 hunting sling of Ununebba {venom, rN+ Str+4 SInv}
rCold   + . .      Faith    .   y - orb {light}
rNeg    + + .      Spirit   .   a - +0 robe
rPois   +          Reflect  .   (no helmet)
rElec   .          Harm     .   (no cloak)
rCorr   .          Rampage  .   I - +1 pair of gloves
Will    +....                   q - +1 barding {rC+}
Stlth   +.........              x - amulet of the acrobat
HPRegen 0.25/turn               F - ring of positive energy
MPRegen 0.19/turn               (no ring)

@: confused, ambrosia-drunk, glowing, studying Staves, very slow
A: AC +3, large, see invisible, deformed body, poison resistance, slowness 2,
spit poison 1, naga tail 1
a: Spit Poison, Renounce Religion


You were on level 2 of the Orcish Mines.
You worshipped Vehumet.
Vehumet was extremely pleased with you.
You visited 2 branches of the dungeon, and saw 12 of its levels.

You collected 969 gold pieces.

Inventory:

Hand Weapons
 e - the +10 hunting sling of Ununebba (weapon) {venom, rN+ Str+4 SInv}
   (You found it on level 2 of the Dungeon)

   Any ammunition fired from it poisons the flesh of those it strikes.
   Str:       It affects your strength (+4).
   rN:        It protects you from negative energy.
   SInv:      It lets you see invisible.
 f - a +2 short sword of draining
 s - the +6 war axe of Eternal Vigilance {freeze, Dex+3}
   (You found it on level 3 of the Dungeon)

   It freezes those it strikes, dealing additional cold damage.
   It can also slow down cold-blooded creatures.
   Dex:       It affects your dexterity (+3).
Armour
 a - a +0 robe (worn)
 q - a +1 barding of cold resistance (worn)
 y - an orb of light (worn)
 I - a +1 pair of gloves (worn)
Magical Staves
 K - a staff of cold
Jewellery
 x - an amulet of the acrobat (around neck)
 F - a ring of positive energy (left hand)
 G - an amulet of guardian spirit
 H - a ring of positive energy
Wands
 r - a wand of flame (16)
 w - a wand of mindburst (12)
 z - a wand of polymorph (1)
 A - a wand of paralysis (13)
Scrolls
 d - 2 scrolls of silence
 l - 6 scrolls of identify
 m - a scroll of blinking {unknown}
 o - 2 scrolls of enchant armour {unknown}
 p - 2 scrolls of fear
 t - 3 scrolls of teleportation {unknown}
 v - 3 scrolls of immolation
 B - 2 scrolls of brand weapon
 C - a scroll of vulnerability {unknown}
 D - a scroll of magic mapping {unknown}
 E - a scroll of fog {unknown}
Potions
 b - a potion of magic
 c - 2 potions of ambrosia
 g - 2 potions of brilliance
 h - 2 potions of curing {unknown}
 i - 2 potions of cancellation {unknown}
 j - a potion of degeneration {unknown}
 k - 2 potions of might
 n - 2 potions of lignification
 u - 3 potions of mutation
 J - 2 potions of haste {unknown}


   Skills:
 + Level 4.4 Fighting
 + Level 0.1 Short Blades
 + Level 10.1 Slings
 + Level 2.9 Dodging
 + Level 4.6 Stealth
 + Level 9.6 Spellcasting
 + Level 1.2 Conjurations
 + Level 10.4 Ice Magic


You had 11 spell levels left.
You knew the following spells:

 Your Spells              Type           Power      Damage    Failure   Level
a - Freeze                Ice            100%       1d11      1%          1
b - Frozen Ramparts       Ice            100%       1d12      1%          3
c - Ozocubu's Armour      Ice            50%        N/A       1%          3
d - Hailstorm             Conj/Ice       33%        3d8       1%          4
e - Ozocubu's Refrigerat  Ice            25%        4d10      21%         7

Your spell library contained the following spells:

 Spells                   Type           Power      Damage    Failure   Level
 Static Discharge         Conj/Air       12%        N/A       2%          2
 Sticky Flame             Conj/Fire      12%        2d4       16%         4
 Gell's Gravitas          Tloc           9%         N/A       22%         3
 Teleport Other           Tloc           9%         N/A       22%         3
 Iskenderun's Battlesphe  Conj           14%        2d7       28%         5
 Fireball                 Conj/Fire      6%         3d5       36%         5
 Dispel Undead            Necr           9%         3d8       58%         4
 Conjure Ball Lightning   Conj/Air       6%         3x3d6     88%         6
 Dispersal                Tloc           4%         N/A       100%        6
 Orb of Destruction       Conj           7%         9d6       100%        7


Dungeon Overview and Level Annotations

Branches:
Dungeon (10/15)            Temple (0/1) D:4            Lair (0/6) D:10
    Orc (2/2) D:10
    Elf: Orc:2

Altars:
Hepliaklqana
Makhleb
Nemelex Xobeh
Qazlal
Trog
Uskayaw
Vehumet
Beogh

Shops:
Orc:1 :

Annotations:
D:4 3 runed translucent doors, Gnu's ghost, novice MiFi; cheburek's ghost, novice FoAK; ma3's ghost, novice DEAM; manifold's ghost, amateur SpEn; manifold's ghost, amateur VSFi
Orc:2 Azrael


Innate Abilities, Weirdness & Mutations

Your serpentine skin is tough. (AC +3)
You have supernaturally acute eyesight. (SInv)
Armour fits poorly on your strangely shaped body.
Your system is resistant to poisons. (rPois)
You cover ground very slowly.
You can spit poison.
You have a snake-like lower body.


Message History

Press: ? - help, Q - select action, (/) - cycle Shift-Dir - straight line, f/p - Azrael
Aim: Azrael, wielding a +1 scimitar of flaming (lightly wounded, 85% to hit)
You shoot a sling bullet.
The sling bullet completely misses Azrael.
Azrael laughs insanely.
Azrael gestures at you. The bolt of fire hits you!
The heat melts your icy armour.
Casting: Freeze (safe; 1% risk of failure)
Confirm with . or Enter, or press ? or * to list all spells.
Your icy armour thickens.
Unknown command.
Casting: Ozocubu's Armour (safe; 1% risk of failure)
Confirm with . or Enter, or press ? or * to list all spells.
Casting: Frozen Ramparts (safe; 1% risk of failure)
Press: ? - help, Dir - look around, f - activate This square is lit by a halo.
The walls around you are covered in ice.
Azrael gestures at you.
The sphere of damnation explodes!
The damnation engulfs you!!!
* * * LOW HITPOINT WARNING * * *
You hear a shout! x7
It was a potion of ambrosia.
You are confused.
You feel invigorated.
You hear a shout! x2
Azrael gestures at you.
The fireball explodes!
The fireball engulfs you!
* * * LOW HITPOINT WARNING * * *
You hear a shout!
The heat melts your icy armour.
You're too confused to cast spells.
Okay, then.
Your icy armour and frozen ramparts will break if you move.
Continue?
Your icy armour cracks and falls away as you move.
The frozen ramparts melt away as you move.
You bump into the stone wall.
Azrael gestures at you.
The sphere of damnation explodes!
The damnation engulfs you!!
You die...

#.................#
#...............##
#..........)....#
#..............#
##.............#
##..............#
##...............#
##.............).##
##.@##.....)...)..##
#).###...........).#
#))###...........).##
#).###...............#
#.R###..............)##
).○###..............)..#
.))###..............)...#
..###...........)..)....#
.###...................##


You could see Azrael.

Vanquished Creatures
  2 two-headed ogres (D:10)
  A sixfirhy (Orc:2)
  3 orc knights
  An orc sorcerer (Orc:2)
  A torpor snail (shapeshifter) (D:8)
  Prince Ribbit (D:7)
  3 trolls
  A slime creature (D:8)
  A wyvern (D:9)
  2 wraiths
  7 yaks
  Eustachio (D:5)
  A fire elemental (Orc:2)
  Edmund (D:6)
  2 wargs (Orc:2)
  2 acid dragons (D:10)
  A water moccasin (D:7)
  4 sky beasts
  11 orc warriors
  2 ice beasts
  2 wolves (D:10)
  4 centaurs
  4 kobold brigands
  5 bullfrogs
  Blork the orc (D:6)
  2 scorpions
  3 wights (D:6)
  5 killer bees (D:7)
  2 electric eels (D:10)
  3 howler monkeys
  2 jellies (D:6)
  2 gnoll shamans
  24 orc priests
  8 hounds
  4 iguanas
  Ijyb (D:3)
  Terence (D:2)
  11 orc wizards
  11 gnolls
  8 adders
  A shadow imp (D:7)
  3 white imps
  An ufetubus (D:5)
  A worm (D:2)
  6 dart slugs
  62 orcs
  10 ball pythons
  3 bats
  3 endoplasms
  4 giant cockroaches
  7 goblins
  7 hobgoblins
  3 quokkas
  A frilled lizard (D:3)
  26 kobolds
  3 rats
292 creatures vanquished.

Vanquished Creatures (others)
  An orc priest (Orc:2)
1 creature vanquished.

Grand Total: 293 creatures vanquished

Notes
Turn   | Place    | Note
-------+----------+-------------------------------------------
     0 | D:1      | jmlagarto the Naga Ice Elementalist began the quest for the
                  | Orb.
     0 | D:1      | Reached XP level 1. HP: 15/15 MP: 3/3
   373 | D:1      | Reached XP level 2. HP: 18/22 MP: 0/5
   445 | D:1      | Found a faded altar of an unknown god.
   448 | D:1      | Prayed at the altar of an unknown god.
   448 | D:1      | Became a worshipper of Vehumet
   448 | D:1      | Reached * piety under Vehumet
   448 | D:1      | Offered knowledge of Magic Dart by Vehumet.
  1098 | D:1      | Reached XP level 3. HP: 27/28 MP: 3/6
  1103 | D:1      | Learned a level 3 spell: Frozen Ramparts
  1694 | D:2      | Noticed Terence
  1706 | D:2      | Killed Terence
  1707 | D:2      | Reached skill level 5 in Ice Magic
  1707 | D:2      | Reached XP level 4. HP: 21/36 MP: 1/8
  1857 | D:2      | Offered knowledge of Searing Ray by Vehumet.
  1893 | D:2      | Reached ** piety under Vehumet
  1973 | D:2      | Identified the +10 hunting sling of Ununebba {venom, rN+
                  | Str+4 SInv}
  2536 | D:3      | Noticed Ijyb
  2543 | D:3      | Killed Ijyb
  2644 | D:3      | Identified the +6 war axe of Eternal Vigilance {freeze,
                  | Dex+3}
  2711 | D:3      | Reached XP level 5. HP: 42/42 MP: 9/9
  2806 | D:3      | Reached skill level 1 in Slings
  3068 | D:3      | Found a hide-covered altar of Uskayaw.
  3075 | D:3      | Found a hazy altar of Hepliaklqana.
  3218 | D:4      | Noticed manifold's ghost (amateur VSFi)
  3218 | D:4      | Noticed manifold's ghost (amateur SpEn)
  3218 | D:4      | Noticed Gnu's ghost (novice MiFi)
  3218 | D:4      | Noticed cheburek's ghost (novice FoAK)
  3218 | D:4      | Found a runed translucent gate.
  3218 | D:4      | Found a runed translucent gate.
  3218 | D:4      | Found a runed translucent gate.
  3219 | D:4      | Noticed ma3's ghost (novice DEAM)
  3230 | D:4      | Offered knowledge of Conjure Flame by Vehumet.
  3235 | D:4      | Reached XP level 6. HP: 36/50 MP: 5/11
  3327 | D:4      | Found a burning altar of Makhleb.
  3495 | D:4      | Found a staircase to the Ecumenical Temple.
  3713 | D:4      | Reached *** piety under Vehumet
  3716 | D:4      | Reached skill level 1 in Fighting
  3753 | D:4      | Learned a level 3 spell: Ozocubu's Armour
  4002 | D:5      | Entered Level 5 of the Dungeon
  4039 | D:5      | Noticed a sky beast
  4044 | D:5      | Killed a sky beast
  4069 | D:5      | Found a stormy altar of Qazlal.
  4074 | D:5      | Found a bloodstained altar of Trog.
  4133 | D:5      | Noticed Eustachio
  4142 | D:5      | Killed Eustachio
  4143 | D:5      | Reached XP level 7. HP: 57/57 MP: 8/12
  4478 | D:5      | Offered knowledge of Iskenderun's Mystic Blast by Vehumet.
  4481 | D:5      | Reached skill level 5 in Slings
  4481 | D:5      | Reached XP level 8. HP: 12/67 MP: 10/14
  5093 | D:6      | Noticed Blork the orc
  5106 | D:6      | Killed Blork the orc
  5586 | D:6      | Reached skill level 5 in Spellcasting
  5681 | D:6      | Noticed Edmund
  5699 | D:6      | Killed Edmund
  5753 | D:6      | Reached XP level 9. HP: 74/74 MP: 16/16
  6014 | D:6      | Reached **** piety under Vehumet
  6605 | D:7      | Offered knowledge of Dazzling Flash by Vehumet.
  7344 | D:7      | Noticed Prince Ribbit
  7353 | D:7      | Killed Prince Ribbit
  7833 | D:8      | Noticed a torpor snail
  7843 | D:8      | Killed a torpor snail
  7844 | D:8      | Reached XP level 10. HP: 69/84 MP: 12/19
  8173 | D:8      | Learned a level 4 spell: Hailstorm
  8848 | D:9      | Found a sparkling altar of Nemelex Xobeh.
  9674 | D:10     | Entered Level 10 of the Dungeon
  9676 | D:10     | Noticed a two-headed ogre
  9733 | D:10     | Killed a two-headed ogre
  9859 | D:10     | Reached ***** piety under Vehumet
  9859 | D:10     | Offered knowledge of Ozocubu's Refrigeration by Vehumet.
  9860 | D:10     | Reached XP level 11. HP: 86/91 MP: 7/23
  9997 | D:10     | Noticed a two-headed ogre
 10006 | D:10     | Killed a two-headed ogre
 10189 | D:10     | Learned a level 7 spell: Ozocubu's Refrigeration
 10450 | D:10     | Found a staircase to the Lair.
 10720 | D:10     | Noticed an orc knight
 10734 | D:10     | Killed an orc knight
 10805 | D:10     | Found a staircase to the Orcish Mines.
 11062 | Orc:1    | Entered Level 1 of the Orcish Mines
 11187 | Orc:1    | Found Veguara's Book Boutique.
 11257 | Orc:2    | Entered Level 2 of the Orcish Mines
 11276 | Orc:2    | Reached skill level 10 in Ice Magic
 11339 | Orc:2    | Noticed an orc knight
 11365 | Orc:2    | Killed an orc knight
 11381 | Orc:2    | Noticed an orc sorcerer
 11385 | Orc:2    | Killed an orc sorcerer
 11965 | Orc:2    | Reached skill level 1 in Conjurations
 12052 | Orc:2    | Noticed a sixfirhy
 12054 | Orc:2    | Noticed an orc knight
 12056 | Orc:2    | Killed a sixfirhy
 12068 | Orc:2    | Killed an orc knight
 12069 | Orc:2    | Reached skill level 10 in Slings
 12080 | Orc:2    | Noticed Azrael
 12087 | Orc:2    | Killed from afar by Azrael

Illustrated notes

Levels and vault maps discovered:
D:1:      ncdulo_halloftheorcs, layout_basic,
          hellmonk_ecumenical_altar_defaced_shrine
D:2:      layout_loops_ring, uniq_terence
D:3:      layout_loops_ring, mainiacjoe_overflow_big_doors,
          minmay_misc_feat_room, uniq_ijyb
D:4:      wad_lake_hut, layout_cave_pools, mainiacjoe_overflow_chevrons,
          minmay_temple_entry_poolview, gammafunk_ghost_cemetery
D:5:      layout_cave_pods, grunt_temple_overflow_open, uniq_eustachio
D:6:      layout_basic, roderic_serpentine_path, uniq_blork_the_orc, uniq_edmund
D:7:      layout_layer_cave, uniq_prince_ribbit1
D:8:      layout_gridville, minmay_manual_mess
D:9:      layout_long_grid, mainiacjoe_overflow_tiny_flanked, dk_vineyard_2
D:10:     layout_rooms, erik_lair_island, david_orc_5
Orc:1:    layout_caves, serial_shops, nicolae_shop_hallway_plus, basic_altar,
          hellmonk_ghost_happy_afterlife
Orc:2:    pf_orc_diabolical, layout_diamond_mine, uniq_azrael

Skill      XL: |  1  2  3  4  5  6  7  8  9 10 11 |
---------------+----------------------------------+-----
Ice Magic      | 5 7 8 9 10 | 10.4
Spellcasting   | 3 4 5 6 8 9 |  9.6
Slings         | 2 3 5 6 8 9 10 | 10.1
Dodging        | 2 |  2.9
Fighting       | 1 2 3 4 |  4.4
Stealth        | 4 |  4.6
Conjurations   | 1 |  1.2
Short Blades   | |  0.1

Action                   |  1- 3 |  4- 6 |  7- 9 | 10-12 || total
-------------------------+-------+-------+-------+-------++-------
Melee: Unarmed           |     1 |       |       |       ||     1
       Short sword       |     2 |     1 |       |       ||     3
 Fire: Hunting sling     |       |    62 |   161 |   198 ||   421
 Cast: Freeze            |    40 |    14 |    35 |   108 ||   197
       Frozen Ramparts   |     2 |     5 |     9 |    28 ||    44
       Ozocubu's Armour  |       |       |     8 |    27 ||    35
       Hailstorm         |       |       |       |    12 ||    12
 Abil: Spit Poison       |       |       |     1 |       ||     1
Evoke: Wand              |       |       |     1 |       ||     1
  Use: Scroll            |       |     3 |       |     7 ||    10
       Potion            |       |       |       |     2 ||     2
Armor: Robe              |     2 |     5 |    31 |    49 ||    87
Dodge: Dodged            |    16 |     4 |    18 |    78 ||   116

Table legend: (Time is in decaauts)
 A = Elapsed time spent in this place.
 B = Non-inter-level travel time spent in this place.
 C = Inter-level travel time spent in this place.
 D = Time resting spent in this place.
 E = Time spent auto-exploring this place.
 F = Levels seen in this place.
 G = Mean time per level.
                   A        B        C        D        E       F      G
               +--------+--------+--------+--------+--------+-----+--------+
         Total |  15093 |  14527 |    566 |      0 |  12828 |  12 | 1257.8 |
       Dungeon |  13915 |  13349 |    566 |      0 |  11873 |  10 | 1391.5 |
  Orcish Mines |   1178 |   1178 |      0 |      0 |    955 |   2 |  589.0 |
               +--------+--------+--------+--------+--------+-----+--------+

Top non-repeatable levels by time:
     D:7: 1968 daAuts
     D:1: 1911 daAuts
    D:10: 1598 daAuts
     D:6: 1438 daAuts
     D:5: 1383 daAuts
     D:8: 1201 daAuts
     D:2: 1197 daAuts
     D:9: 1138 daAuts
     D:4: 1100 daAuts
     D:3: 977 daAuts
   Orc:2: 921 daAuts
   Orc:1: 257 daAuts
